 Dungeon Crawl Stone Soup version 0.26-a0-652-gafc20e3620 (webtiles) character file.

Game seed: 372464742625833860

6154 Decritt the Destroyer (level 10, 54/58 HPs)
             Began as a Deep Elf Conjurer on Oct 2, 2020.
             Was a Believer of Vehumet.
             Quit the game on level 10 of the Dungeon.
             The game lasted 01:27:10 (12237 turns).

Decritt the Destroyer (Deep Elf Conjurer)          Turns: 12237, Time: 01:27:11

Health: 54/58      AC:  6    Str: 10    XL:     10   Next: 59%
Magic:  23/25      EV: 24    Int: 24    God:    Vehumet [**....]
Gold:   530        SH:  5    Dex: 19    Spells: 23/28 levels left

rFire    + . .     SeeInvis .   x - staff of fire
rCold    . . .     Faith    .   (no shield)
rNeg     . . .     Spirit   .   n - +1 robe
rPois    .         Reflect  +   w - +2 hat
rElec    .         Harm     .   j - +0 cloak
rCorr    .         Rampage  .   (no gloves)
MR       +....                  (no boots)
Stlth    +.........             q - amulet of reflection
HPRegen  0.19/turn              E - ring of wizardry
MPRegen  0.19/turn              D - ring of Summer {EV+4 Str+3 Dex+6 Stlth-}

@: no status effects
A: no striking features
a: Renounce Religion


You were on level 10 of the Dungeon.
You worshipped Vehumet.
Vehumet was pleased with you.
You visited 3 branches of the dungeon, and saw 12 of its levels.

You collected 556 gold pieces.
You spent 26 gold pieces at shops.

Inventory:

Missiles
 a - 36 poisoned darts (quivered)
Armour
 j - a +0 cloak (worn)
 n - a +1 robe (worn)
 w - a +2 hat (worn)
Magical Staves
 x - an uncursed staff of fire (weapon)
Jewellery
 i - an uncursed ring of protection from magic
 q - an amulet of reflection (around neck)
 D - the ring of Summer (right hand) {EV+4 Str+3 Dex+6 Stlth-}
   (You found it on level 7 of the Dungeon)

   [ring of evasion]

   It affects your evasion (+4).
   It affects your strength (+3).
   It affects your dexterity (+6).
   It makes you less stealthy.
 E - a ring of wizardry (left hand)
Wands
 m - a wand of acid (12)
 u - a wand of digging (7)
 z - a wand of flame (6)
 C - a wand of disintegration (10)
 J - a wand of paralysis (9)
Scrolls
 c - 6 scrolls of blinking
 d - 7 scrolls of teleportation
 l - 7 scrolls of remove curse
 o - 3 scrolls of enchant weapon
 p - a scroll of magic mapping {unknown}
 y - 3 scrolls of brand weapon
 A - a scroll of torment {unknown}
 F - a scroll of fog {unknown}
 H - 4 scrolls of identify
 I - a scroll of noise {unknown}
 K - a scroll of summoning {unknown}
Potions
 b - a potion of brilliance
 e - 6 potions of curing
 f - a potion of might {unknown}
 g - a potion of heal wounds
 h - a potion of stabbing {unknown}
 k - 3 potions of lignification
 r - 3 potions of cancellation
 t - a potion of magic {unknown}
 v - a potion of berserk rage {unknown}
 B - 3 potions of haste
 G - 2 potions of mutation


   Skills:
 + Level 4.4 Fighting
 + Level 9.7 Dodging
 - Level 2.4 Stealth
 + Level 9.8 Spellcasting
 * Level 12.2 Conjurations


You had 23 spell levels left.
You knew the following spells:

 Your Spells              Type           Power        Failure   Level
a - Magic Dart            Conj           ####         1%          1
b - Searing Ray           Conj           ######       1%          2
c - Freeze                Ice            ##..         2%          1
d - Shock                 Conj/Air       ####         1%          1

Your spell library contained the following spells:

 Spells                   Type           Power        Failure   Level
 Dazzling Flash           Conj/Hex       #####.       1%          3
 Stone Arrow              Conj/Erth      #####.       1%          3
 Fulminant Prism          Conj/Hex       #####.....   1%          4
 Iskenderun's Mystic Bla  Conj/Tloc      #####...     1%          4
 Sandblast                Erth           ##....       2%          1
 Passwall                 Tmut/Erth      ##......     3%          2
 Petrify                  Tmut/Erth      ##......     21%         4
 Lee's Rapid Deconstruct  Erth           ##........   50%         5


Dungeon Overview and Level Annotations

Branches:
Dungeon (10/15)            Temple (1/1) D:5             Orc (1/2) D:10
   Lair: D:8-11

Altars:
Ashenzari
Cheibriados
Dithmenos
Elyvilon
Fedhas
Gozag
Hepliaklqana
Kikubaaqudgha
Makhleb
Nemelex Xobeh
Okawaru
Qazlal
Ru
Sif Muna
Trog
Uskayaw
Vehumet
Wu Jian
Xom
Yredelemnul
Zin
The Shining One

Shops:
D:7 !


Message History

The orc warrior is heavily wounded. (Press . to maintain the ray.)
The orc barely misses you.
The searing ray hits the orc warrior.
The orc warrior is severely wounded.
The orc warrior closely misses you. The orc misses you.
You block the orc's attack.
The searing ray hits the orc warrior!
You kill the orc warrior!
Vehumet accepts your kill.
You feel your power returning. The orc hits you with a +0 falchion.
The orc closely misses you. The orc hits you but does no damage.
You block the orc's attack.
You hit the orc but do no damage. The orc barely misses you.
The orc misses you.
You closely miss the orc. You block the orc's attack.
The orc barely misses you.
Unknown command.
Are you sure you want to abandon this character and quit the game? (Confirm with "yes".)

.'......#......)#'###............
.#......#.......#>..#............
.########.......#...#............
................#...#.###........
................'...#.+.###......
.......########.#####.#...#......
.......# #.......#...#......
###'#..# #.......#...#......
....#..# #.@.....#...#......
....#..# #oo.....#...#......
....#..# #.......'...#.#####
....#..# #.).....#####.# ..###..#
#.............# ..#....#
#.............#
..#....########.............#####
###............>.................
#.........)......................


You could see 2 orcs.

Vanquished Creatures
  A two-headed ogre (D:8)
  Maurice (D:9)
  Grinder (D:3)
  Sigmund (D:3)
  2 wyverns
  3 orc warriors (D:10)
  A sky beast (D:9)
  7 ice beasts
  3 necrophages
  3 ogres
  5 centaurs
  A phantom (D:9)
  2 big kobolds (D:9)
  7 bullfrogs
  A wyvern skeleton (D:10)
  5 scorpions
  7 wights
  A howler monkey (D:6)
  A bullfrog zombie (D:5)
  2 jellies
  4 hounds
  2 centaur skeletons
  3 orc priests
  A bullfrog skeleton (D:5)
  6 orc wizards
  Ijyb (D:4)
  4 iguanas
  Terence (D:3)
  7 worker ants
  A hound zombie (D:5)
  2 howler monkey skeletons
  7 gnolls
  12 adders
  3 shadow imps
  3 white imps
  5 ufetubi
  An ooze (D:1)
  An adder zombie (D:5)
  A dart slug (D:1)
  9 leopard geckos
  29 orcs
  A ball python (D:1)
  6 giant cockroaches
  4 hobgoblins
  8 jackals
  6 quokkas
  5 bats
  6 frilled lizards
  4 goblins
  2 goblin skeletons (D:8)
  5 goblin zombies (D:8)
  2 hobgoblin zombies (D:8)
  16 kobolds
  A kobold zombie (D:8)
  A leopard gecko skeleton (D:5)
  A leopard gecko zombie (D:7)
  6 rats
232 creatures vanquished.

Notes
Turn   | Place    | Note
-------+----------+-------------------------------------------
     0 | D:1      | Decritt the Deep Elf Conjurer began the quest for the Orb.
     0 | D:1      | Reached XP level 1. HP: 10/10 MP: 6/6
     0 | D:1      | Noticed a ghoul
     0 | D:1      | Noticed a felid
     1 | D:1      | Noticed a dwarf
     3 | D:1      | Noticed a vampire
     3 | D:1      | Noticed a spriggan
     5 | D:1      | Noticed an ogre
     7 | D:1      | Noticed a centaur
     8 | D:1      | Noticed a minotaur
     9 | D:1      | Noticed a spriggan
    11 | D:1      | Noticed an octopode
    11 | D:1      | Noticed a centaur
    13 | D:1      | Noticed a human
    15 | D:1      | Noticed a dwarf
    15 | D:1      | Noticed a naga
    17 | D:1      | Noticed a human
    17 | D:1      | Noticed a spriggan
    19 | D:1      | Noticed a felid
    19 | D:1      | Noticed an ogre
    21 | D:1      | Noticed a felid
   372 | D:1      | Reached skill level 5 in Conjurations
   372 | D:1      | Reached XP level 2. HP: 15/15 MP: 2/8
  1206 | D:2      | Reached XP level 3. HP: 19/19 MP: 4/9
  1782 | D:3      | Noticed Sigmund
  1797 | D:3      | Killed Sigmund
  1797 | D:3      | Reached skill level 7 in Conjurations
  1797 | D:3      | Reached XP level 4. HP: 14/24 MP: 0/10
  1797 | D:3      | Reached XP level 5. HP: 17/28 MP: 0/11
  1936 | D:3      | Noticed Terence
  2007 | D:3      | Killed Terence
  2238 | D:3      | Noticed Grinder
  2250 | D:3      | Killed Grinder
  2250 | D:3      | Reached skill level 8 in Conjurations
  2250 | D:3      | Reached XP level 6. HP: 31/32 MP: 1/14
  2254 | D:3      | Learned a level 2 spell: Searing Ray
  2380 | D:3      | Found a blossoming altar of Fedhas.
  2794 | D:3      | Found a faded altar of an unknown god.
  2906 | D:3      | Found a sacrificial altar of Ru.
  3181 | D:4      | Found a bloodstained altar of Trog.
  3272 | D:4      | Reached XP level 7. HP: 36/36 MP: 13/16
  3787 | D:4      | Noticed Ijyb
  3796 | D:4      | Killed Ijyb
  3796 | D:4      | Reached skill level 5 in Spellcasting
  4227 | D:5      | Entered Level 5 of the Dungeon
  4237 | D:5      | HP: 1/36 [ice beast (10)]
  4242 | D:5      | Reached skill level 1 in Fighting
  4420 | D:5      | Reached skill level 5 in Dodging
  4951 | D:5      | Reached XP level 8. HP: 44/44 MP: 12/17
  5103 | D:5      | Found a staircase to the Ecumenical Temple.
  5146 | Temple   | Entered the Ecumenical Temple
  5147 | Temple   | Reached skill level 9 in Conjurations
  5715 | D:5      | Found an ancient bone altar of Kikubaaqudgha.
  6481 | D:6      | Found a broken altar of Ashenzari.
  6643 | D:6      | Reached XP level 9. HP: 48/48 MP: 19/22
  6694 | D:6      | Found a white marble altar of Elyvilon.
  6694 | D:6      | Found a radiant altar of Vehumet.
  6695 | D:6      | Found a burning altar of Makhleb.
  6716 | D:6      | Became a worshipper of Vehumet
  7307 | D:6      | Reached skill level 10 in Conjurations
  7768 | D:7      | Got a faintly glowing lead ring
  7769 | D:7      | Identified the ring of Summer {EV+4 Str+3 Dex+6 Stlth-}
                  | (You found it on level 7 of the Dungeon)
  7972 | D:7      | Found Rioruxuno's Distillery.
  7977 | D:7      | Bought a potion of degeneration for 13 gold pieces
  7977 | D:7      | Bought a potion of degeneration for 13 gold pieces
  8470 | D:8      | Noticed a two-headed ogre
  8489 | D:8      | Killed a two-headed ogre
  8675 | D:8      | Reached skill level 11 in Conjurations
  9084 | D:8      | Reached * piety under Vehumet
  9084 | D:8      | Offered knowledge of Freeze by Vehumet.
  9135 | D:8      | Learned a level 1 spell: Freeze
  9177 | D:8      | Found a glowing golden altar of the Shining One.
  9858 | D:9      | Reached XP level 10. HP: 56/56 MP: 20/24
 10247 | D:9      | Noticed Maurice
 10261 | D:9      | Offered knowledge of Shock by Vehumet.
 10462 | D:9      | Killed Maurice
 10462 | D:9      | Reached ** piety under Vehumet
 10795 | D:10     | Entered Level 10 of the Dungeon
 10867 | D:10     | Learned a level 1 spell: Shock
 11106 | D:10     | Reached skill level 12 in Conjurations
 11150 | D:10     | Found a staircase to the Orcish Mines.
 11903 | Orc:1    | Entered Level 1 of the Orcish Mines
 12237 | D:10     | Quit the game

Illustrated notes

Levels and vault maps discovered:
D:1:      shiori_arrival_whats_in_store_for_you, layout_basic
D:2:      layout_basic
D:3:      layout_rooms, nicolae_overflow_crystal_walls, fedhas_altar_1,
          gup_sewer_entry_pipe, chequers_ecumenical_altar_twisty,
          minmay_diced_spiral, uniq_terence, uniq_sigmund, uniq_grinder
D:4:      layout_basic, lemuel_doored_altar, uniq_ijyb
D:5:      layout_basic, old_standard_altar, minmay_temple_entry_antechambers
D:6:      layout_layer_cave, evilmike_ruin_ashenzari,
          gammafunk_temple_overflow_claw
D:7:      layout_cave_pools, serial_shops, nicolae_shop_stone
D:8:      layout_basic, nicolae_tso_besieged_by_evil
D:9:      layout_loops_ring, uniq_maurice
D:10:     layout_irregular_city, orc_0_dummy
Temple:   nicolae_temple_god_jail
Orc:1:    layout_diamond_mine

Skill      XL: |  1  2  3  4  5  6  7  8  9 10 |
---------------+-------------------------------+-----
Conjurations   | 5 7 8 9 11 12 | 12.2
Dodging        | 3 4 5 7 8 9 |  9.7
Spellcasting   | 4 5 7 8 9 |  9.8
Fighting       | 1 3 4 |  4.4
Stealth        | |  2.4

Action                   |  1- 3 |  4- 6 |  7- 9 | 10-12 || total
-------------------------+-------+-------+-------+-------++-------
Melee: Unarmed           |     5 |       |       |       ||     5
       Staff             |       |       |     2 |     4 ||     6
Throw: Dart              |       |     7 |       |       ||     7
 Cast: Magic Dart        |    66 |    76 |   187 |    13 ||   342
       Searing Ray       |       |       |    67 |    39 ||   106
       Shock             |       |       |       |     7 ||     7
  Use: Scroll            |       |     6 |     8 |     2 ||    16
       Potion            |       |     2 |     1 |       ||     3
Armor: Robe              |     2 |     3 |    16 |     7 ||    28
Dodge: Dodged            |     4 |    12 |    81 |    74 ||   171
Block: Other             |       |       |    34 |    20 ||    54
       Reflection        |       |       |     8 |     1 ||     9

Table legend: (Time is in decaauts)
 A = Elapsed time spent in this place.
 B = Non-inter-level travel time spent in this place.
 C = Inter-level travel time spent in this place.
 D = Time resting spent in this place.
 E = Time spent auto-exploring this place.
 F = Levels seen in this place.
 G = Mean time per level.
                   A        B        C        D        E       F      G
               +--------+--------+--------+--------+--------+-----+--------+
         Total |  12243 |  12014 |    229 |   3078 |   6144 |  12 | 1020.2 |
       Dungeon |  12076 |  11847 |    229 |   2994 |   6144 |  10 | 1207.6 |
        Temple |    157 |    157 |      0 |     84 |      0 |   1 |  157.0 |
  Orcish Mines |      8 |      8 |      0 |      0 |      0 |   1 |    8.0 |
               +--------+--------+--------+--------+--------+-----+--------+

Top non-repeatable levels by time:
     D:5: 1748 daAuts
     D:3: 1481 daAuts
    D:10: 1435 daAuts
     D:8: 1348 daAuts
     D:6: 1329 daAuts
     D:9: 1279 daAuts
     D:4: 1126 daAuts
     D:1: 1047 daAuts
     D:7: 699 daAuts
     D:2: 579 daAuts
  Temple: 157 daAuts
   Orc:1: 8 daAuts
